 Dungeon Crawl Stone Soup version 0.26-a0-808-g930a2b7adc (webtiles) character file.

Game seed: 14588718203796696924

2828 Kinoniko the Carver (level 10, -2/70 HPs)
             Began as a Human Berserker on Nov 12, 2020.
             Was a Priest of Trog.
             Slain by a gnoll sergeant
             ... wielding a +0 halberd
              (18 damage)
             ... in a bailey.
             The game lasted 00:10:03 (8670 turns).

Kinoniko the Carver (Human Berserker)               Turns: 8670, Time: 00:10:04

Health: -2/70      AC:  7    Str: 20    XL:     10   Next: 3%
Magic:  10/10      EV: 10    Int:  8    God:    Trog [***...]
Gold:   256        SH:  6    Dex: 13    Spells: 9/9 levels left

rFire    . . .     SeeInvis .   c - +3 long sword (protect)
rCold    . . .     Faith    .   u - +1 buckler
rNeg     + + .     Spirit   .   g - +1 scale mail
rPois    .         Reflect  .   (no helmet)
rElec    .         Harm     .   (no cloak)
rCorr    .         Rampage  .   (no gloves)
MR       .....                  (no boots)
Stlth    ..........             (no amulet)
HPRegen  0.21/turn              l - ring of positive energy
MPRegen  0.12/turn              k - ring of positive energy

@: berserk cooldown, slowed, very slow
A: no striking features
a: Berserk, Trog's Hand, Renounce Religion


You were in a bailey.
You worshipped Trog.
Trog was most pleased with you.
You visited 1 branch of the dungeon, and saw 8 of its levels.
You also visited: Ossuary and Bailey.

You collected 361 gold pieces.
You spent 105 gold pieces at shops.

Inventory:

Hand Weapons
 a - a +1 falchion
 c - a +3 long sword of protection (weapon)
Armour
 b - a +0 animal skin
 g - a +1 scale mail (worn)
 u - a +1 buckler (worn)
Jewellery
 k - a ring of positive energy (right hand)
 l - a ring of positive energy (left hand)
Wands
 w - a wand of enslavement (8)
 x - a wand of random effects (16)
Scrolls
 h - 4 scrolls of remove curse
 t - 4 scrolls of teleportation
 v - a scroll of magic mapping
 y - a scroll of fear {unknown}
Potions
 d - 2 potions of brilliance
 f - 2 potions of invisibility
 i - a potion of magic {unknown}
 j - a potion of berserk rage
 m - 4 potions of attraction
 n - a potion of ambrosia {unknown}
 o - a potion of might {unknown}
 p - a potion of lignification {unknown}
 q - 3 potions of haste {unknown}
 r - a potion of heal wounds {unknown}
 s - 2 potions of flight {unknown}


   Skills:
 - Level 3.0 Fighting
 * Level 12.2 Long Blades
 - Level 2.0 Armour
 - Level 2.0 Dodging
 - Level 4.5 Shields


You had 9 spell levels left.
You didn't know any spells.
Your spell library was empty.

Dungeon Overview and Level Annotations

Branches:
Dungeon (8/15)             Temple (0/1) D:7         Ossuary (visited)
 Bailey (1/1)
   Lair: D:8-11

Altars:
Dithmenos
Hepliaklqana
Nemelex Xobeh
Qazlal
Ru
Sif Muna
Yredelemnul
Zin

Shops:
D:6 ?

Annotations:
D:4 3 runed translucent doors, Kinoniko's ghost, novice TrMo
D:8 3 runed translucent doors


Message History

There is an open door, spattered with blood here.
The gnoll shaman hits your ogre with a +0 halberd.
The gnoll sergeant hits you with a +0 halberd!
* * * LOW HITPOINT WARNING * * *
Your ogre hits the gnoll sergeant with a +0 giant spiked club!!
The gnoll sergeant dies!
Trog accepts your kill.
You feel better. You block the gnoll sergeant's attack.
The gnoll shaman hits your ogre with a +0 halberd!
Your ogre hits the gnoll shaman with a +0 giant spiked club!!
The gnoll shaman dies!
Trog accepts your kill. You block the gnoll sergeant's attack.
The gnoll hits you from afar with a +0 halberd.
* * * LOW HITPOINT WARNING * * *
It was a potion of berserk rage.
You're still recovering from your berserk rage.
Your ogre hits the gnoll with a +0 giant spiked club.
The gnoll sergeant hits you with a +0 halberd!!
You die...

≈ #..)#
#)))#+#####
#)).#.....#
##)##....8#
##...##.).O#
##.....##O.g#
#.......#g..#
#...8...#g###
#.......#.@.#
##.....##...#
##...##....# .
##)##....8#
....#.).#.....#
....'...)....##
#...#...#...##
#####...#####
......


You could see a gnoll sergeant (fast), a gnoll and a friendly ogre (summoned,
berserk).

Vanquished Creatures
  Edmund (D:5)
  An ice beast (D:7)
  3 ogres
  2 sky beasts
  An orc warrior (D:7)
  2 phantoms
  3 elf zombies (Ossuary)
  Blork the orc (D:5)
  A bullfrog (D:7)
  3 gnoll sergeants (Bailey)
  A scorpion (D:6)
  4 wights (D:8)
  A quasit (D:5)
  2 centaur zombies (Ossuary)
  2 human zombies (Ossuary)
  3 hounds
  2 orc priests
  3 gnoll shamans (Bailey)
  5 orc wizards
  3 iguanas
  5 worker ants
  A big kobold zombie (Ossuary)
  A hound skeleton (D:6)
  2 hound zombies (Ossuary)
  3 mummies (Ossuary)
  7 gnolls (Bailey)
  10 adders
  A shadow imp (D:5)
  A white imp (D:7)
  An ooze (D:1)
  11 adder zombies
  A worm (D:2)
  3 leopard geckos
  11 orcs
  A ball python (D:6)
  4 bats
  3 giant cockroaches
  3 gnoll zombies
  5 hobgoblins
  8 jackals
  5 kobolds
  3 quokkas
  3 frilled lizards
  3 goblins
  3 goblin zombies (Ossuary)
  3 hobgoblin zombies (Ossuary)
  2 jackal zombies (Ossuary)
  An orc zombie (Ossuary)
  4 quokka zombies (Ossuary)
  3 rats
  A rat zombie (Ossuary)
157 creatures vanquished.

Vanquished Creatures (collateral kills)
  A gnoll sergeant (Bailey)
  A gnoll shaman (Bailey)
  6 gnolls (Bailey)
8 creatures vanquished.

Grand Total: 165 creatures vanquished

Notes
Turn   | Place    | Note
-------+----------+-------------------------------------------
     0 | D:1      | Kinoniko the Human Berserker began the quest for the Orb.
     0 | D:1      | Reached XP level 1. HP: 18/18 MP: 1/1
   139 | D:1      | Reached XP level 2. HP: 16/24 MP: 2/2
   423 | D:1      | Reached skill level 4 in Long Blades
   423 | D:1      | Reached XP level 3. HP: 24/29 MP: 3/3
   926 | D:2      | Found a sparkling altar of Nemelex Xobeh.
  1088 | D:2      | Found a glowing silver altar of Zin.
  1112 | D:2      | Reached XP level 4. HP: 35/35 MP: 4/4
  1862 | D:3      | Reached skill level 5 in Long Blades
  1864 | D:3      | Reached XP level 5. HP: 41/41 MP: 5/5
  1884 | D:3      | Reached ** piety under Trog
  2011 | D:3      | Found a shimmering blue altar of Sif Muna.
  2481 | D:3      | Reached skill level 6 in Long Blades
  2616 | D:3      | Found a sacrificial altar of Ru.
  2953 | D:3      | Found a basalt altar of Yredelemnul.
  3056 | D:4      | Noticed a phantom
  3087 | D:4      | Killed a phantom
  3087 | D:4      | Reached XP level 6. HP: 29/47 MP: 6/6
  3573 | D:4      | Found a runed translucent gate.
  3574 | D:4      | Found a runed translucent gate.
  3576 | D:4      | Found a runed translucent gate.
  3577 | D:4      | Noticed Kinoniko's ghost (novice TrMo)
  3722 | D:4      | Found a hazy altar of Hepliaklqana.
  3741 | D:4      | Reached skill level 7 in Long Blades
  4086 | D:5      | Entered Level 5 of the Dungeon
  4094 | D:5      | Noticed Edmund
  4113 | D:5      | Killed Edmund
  4113 | D:5      | Reached skill level 1 in Shields
  4113 | D:5      | Reached XP level 7. HP: 52/52 MP: 7/7
  4336 | D:5      | Found a shadowy altar of Dithmenos.
  4733 | D:5      | Noticed Blork the orc
  4748 | D:5      | Killed Blork the orc
  4748 | D:5      | Reached skill level 8 in Long Blades
  4750 | D:5      | Reached XP level 8. HP: 58/58 MP: 8/8
  5273 | D:6      | Found Aligai's Magic Scroll Shoppe.
  5295 | D:6      | Found a sand-covered staircase.
  5299 | Ossuary  | Entered an ossuary
  5323 | Ossuary  | Reached skill level 9 in Long Blades
  5601 | Ossuary  | Reached *** piety under Trog
  5876 | Ossuary  | Reached XP level 9. HP: 63/63 MP: 9/9
  6157 | D:6      | Bought a scroll of enchant weapon for 105 gold pieces
  6282 | D:6      | Reached skill level 10 in Long Blades
  6932 | D:7      | Found a stormy altar of Qazlal.
  7101 | D:7      | Reached skill level 11 in Long Blades
  7219 | D:7      | Reached **** piety under Trog
  7358 | D:7      | Found a staircase to the Ecumenical Temple.
  7968 | D:8      | Found a runed translucent gate.
  7969 | D:8      | Found a runed translucent gate.
  7970 | D:8      | Found a runed translucent gate.
  7993 | D:8      | Found a flagged portal.
  8094 | Bailey   | Entered a bailey
  8208 | Bailey   | Reached skill level 12 in Long Blades
  8652 | Bailey   | Reached XP level 10. HP: 70/70 MP: 10/10
  8670 | Bailey   | Slain by a gnoll sergeant

Illustrated notes

Levels and vault maps discovered:
D:1:      sevenhm_arrival_forest_fort_large_4, layout_basic, interstate_on_off
D:2:      layout_basic, old_standard_altar, nicolae_overflow_crystal_walls
D:3:      layout_rooms, led_sif_book, lemuel_zombie_altar_yredelemnul,
          lemuel_crystal_altar
D:4:      layout_gridville, kennysheep_mini_moat, gammafunk_ghost_necromancy
D:5:      layout_loops_cross, grunt_dithmenos_smoke, uniq_edmund,
          uniq_blork_the_orc
D:6:      layout_loops_ring, nicolae_ossuary_entry_plus, serial_rivers,
          chequers_serial_rivers_micro_b, chequers_serial_rivers_small_b,
          chequers_serial_rivers_micro_a, chequers_serial_rivers_micro_c,
          serial_shops, kennysheep_mini
D:7:      layout_cave_pods, overflow_temple_1_default,
          minmay_temple_entry_statues_pillars, minivault_27
D:8:      layout_rooms, marbit_many_paths, fedhas_altar_3,
          biasface_ghost_orc_armoury, enter_bailey_2
Bailey:   bailey_polearm_gnolls_kennysheep, bailey

Skill      XL: |  1  2  3  4  5  6  7  8  9 |
---------------+----------------------------+-----
Long Blades    | 4 5 6 7 8 9 12 | 12.2
Shields        | 1 2 4 |  4.5
Fighting       | |  3.0
Armour         | |  2.0
Dodging        | |  2.0

Action                   |  1- 3 |  4- 6 |  7- 9 | 10-12 || total
-------------------------+-------+-------+-------+-------++-------
Melee: Falchion          |    63 |   110 |       |       ||   173
       Long sword        |       |    37 |   440 |    10 ||   487
Invok: Berserk           |     2 |     4 |    17 |       ||    23
       Trog's Hand       |       |       |     3 |       ||     3
       Brothers in Arms  |       |       |     1 |     1 ||     2
  Use: Scroll            |       |    11 |     6 |       ||    17
       Potion            |       |       |     2 |     2 ||     4
 Stab: Sleeping          |     1 |       |       |       ||     1
       Invisible         |       |       |     1 |       ||     1
Armor: Animal skin       |     8 |       |       |       ||     8
       Scale mail        |     7 |    69 |   160 |    10 ||   246
Dodge: Dodged            |    54 |    51 |   140 |    11 ||   256
Block: Buckler           |       |     3 |    81 |    14 ||    98
       Rpst.: Falchion   |    18 |    16 |       |       ||    34
       Long sword        |       |     2 |    33 |     1 ||    36

Table legend: (Time is in decaauts)
 A = Elapsed time spent in this place.
 B = Non-inter-level travel time spent in this place.
 C = Inter-level travel time spent in this place.
 D = Time resting spent in this place.
 E = Time spent auto-exploring this place.
 F = Levels seen in this place.
 G = Mean time per level.
                   A        B        C        D        E       F      G
               +--------+--------+--------+--------+--------+-----+--------+
         Total |   8854 |   8423 |    431 |   2305 |   4934 |  10 |  885.4 |
       Dungeon |   7685 |   7254 |    431 |   1723 |   4708 |   8 |  960.6 |
       Ossuary |    586 |    586 |      0 |    173 |    210 |   1 |  586.0 |
        Bailey |    583 |    583 |      0 |    408 |     16 |   1 |  583.0 |
               +--------+--------+--------+--------+--------+-----+--------+

Top non-repeatable levels by time:
     D:3: 1252 daAuts
     D:6: 1182 daAuts
     D:7: 1132 daAuts
     D:5: 1070 daAuts
     D:4: 1040 daAuts
     D:1: 931 daAuts
     D:2: 928 daAuts
 Ossuary: 586 daAuts
  Bailey: 583 daAuts
     D:8: 146 daAuts
